 Dungeon Crawl Stone Soup version 0.30-a0-738-g116ff8c4af (webtiles) character file.

Game seed: 4604725096545591629

72 sircluck the Slicer (level 4, 0/32 HPs)
             Began as a Gnoll Wanderer on Feb 3, 2023.
             Slain by a white imp (2 damage)
             ... on level 4 of the Dungeon.
             The game lasted 00:04:13 (2013 turns).

sircluck the Slicer (Gnoll Wanderer)                Turns: 2013, Time: 00:04:13

Health: 0/32       AC:  3    Str: 16    XL:     4   Next: 26%
Magic:  5/5        EV: 11    Int:  9    God:
Gold:   156        SH:  0    Dex: 11    Spells: 5/5 levels left

rFire   . . .      SeeInvis .    a - +2 short sword
rCold   . . .      Faith    .    (no shield)
rNeg    . . .      Spirit   .    e - +0 leather armour
rPois   .          Reflect  .    (no helmet)
rElec   .          Harm     .    (no cloak)
rCorr   .          Rampage  .    (no gloves)
Will    .....                    (no boots)
Stlth   ++                       (no amulet)
HPRegen 0.25/turn                (no ring)
MPRegen 0.09/turn                (no ring)

@: no status effects
A: fangs 1, strong nose, distributed training
a: no special abilities


You were on level 4 of the Dungeon.
You visited 1 branch of the dungeon, and saw 4 of its levels.

You collected 156 gold pieces.

Inventory:

Hand Weapons
 a - a +2 short sword (weapon)
 b - a +0 quarterstaff
Missiles
 n - 31 stones (quivered)
Armour
 e - a +0 leather armour (worn)
Magical Staves
 h - a staff of air
Scrolls
 c - a scroll of vulnerability {unknown}
 g - a scroll of teleportation {unknown}
 j - a scroll of blinking {unknown}
 k - a scroll of noise {unknown}
 l - 2 scrolls of identify {unknown}
 m - 2 scrolls of fog {unknown}
 o - a scroll of fear {unknown}
 p - a scroll of torment {unknown}
 u - a scroll of enchant armour {unknown}
 w - a scroll of magic mapping {unknown}
Potions
 d - a potion of might
 f - a potion of resistance {unknown}
 i - a potion of attraction {unknown}
 q - a potion of curing {unknown}
 r - a potion of berserk rage {unknown}
 s - a potion of degeneration {unknown}
 t - a potion of ambrosia {unknown}
 v - a potion of heal wounds {unknown}


   Skills:
 + Level 1.1 Fighting
 + Level 8.5 Short Blades
 + Level 1.1 Long Blades
 + Level 1.1 Axes
 + Level 1.1 Maces & Flails
 + Level 1.1 Polearms
 + Level 4.6 Staves
 + Level 1.1 Ranged Weapons
 + Level 1.1 Throwing
 + Level 2.7 Armour
 + Level 1.1 Dodging
 + Level 2.5 Stealth
 + Level 1.1 Shields
 + Level 1.1 Unarmed Combat
 + Level 1.1 Spellcasting
 + Level 0.9 Conjurations
 + Level 0.9 Hexes
 + Level 0.9 Summonings
 + Level 0.9 Necromancy
 + Level 0.9 Translocations
 + Level 0.9 Transmutations
 + Level 0.9 Fire Magic
 + Level 0.9 Ice Magic
 + Level 0.9 Air Magic
 + Level 0.9 Earth Magic
 + Level 0.9 Poison Magic
 + Level 1.2 Invocations
 + Level 4.6 Evocations


You had 5 spell levels left.
You didn't know any spells.
Your spell library contained the following spells:

 Spells                   Type           Power      Damage    Failure   Level
 Magic Dart               Conj           8%         1d3       30%         1
 Lesser Beckoning         Tloc           4%         N/A       41%         2
 Searing Ray              Conj           4%         2d4       41%         2
 Gell's Gravitas          Tloc           2%         N/A       65%         3
 Teleport Other           Tloc           2%         N/A       65%         3
 Fulminant Prism          Conj/Hex       1%         3d5       96%         4
 Petrify                  Tmut/Erth      2%         N/A       96%         4
 Metabolic Englaciation   Hex/Ice        1%         N/A       100%        5
 Statue Form              Tmut/Erth      1%         N/A       100%        6


Dungeon Overview and Level Annotations

Branches:
Dungeon (3/15)

Altars:


Innate Abilities, Weirdness & Mutations

You have very sharp teeth.
Your uncanny sense of smell can sniff out nearby items.
Your experience applies equally to all skills.


Message History

You closely miss the white imp. The white imp gestures at you.
The puff of frost hits you. The ufetubus hits you. x2
The gnoll shouts!
You hit the white imp.
The white imp is moderately wounded.
The white imp disappears for a moment.
The white imp hits you but does no damage.
You hit the white imp but do no damage. Your bite misses the white imp.
The white imp is moderately wounded.
The ufetubus misses you. The ufetubus hits you.
You hit the white imp.
The white imp is heavily wounded.
The ufetubus hits you.
* * * LOW HITPOINT WARNING * * *
The ufetubus closely misses you. The white imp barely misses you.
A gnoll comes into view. It is wielding a +0 halberd.
A quokka comes into view.
The gnoll shouts!
You hit the white imp.
You bite the white imp, but do no damage.
The white imp is almost dead.
The ufetubus closely misses you. The ufetubus barely misses you.
You closely miss the white imp.
The white imp is almost dead.
The ufetubus closely misses you. x2; The white imp hits you.
* * * LOW HITPOINT WARNING * * *
The white imp freezes you.
* * * LOW HITPOINT WARNING * * *
You barely miss the white imp.
The white imp is almost dead.
The ufetubus hits you.
* * * LOW HITPOINT WARNING * * *
The ufetubus misses you.
You closely miss the white imp.
The white imp is almost dead.
The white imp hits you.
* * * LOW HITPOINT WARNING * * *
The white imp freezes you.
You die...

# ####...#
#.#......
?#.....#
......#
.....#
....####. #
#55..gr..
#.###@#
#.....#
#.....#
#.###.# ..# #
#.# #.# #.#
#.# #.# #.#
#.# #.#
#.#########.#
#.##
#.........#.#
#...


You could see a gnoll, a white imp, an ufetubus and a quokka.

Vanquished Creatures
  2 adders
  A shadow imp (D:4)
  3 worms (D:2)
  A dart slug (D:2)
  3 endoplasms
  3 goblins
  6 hobgoblins
  7 ball pythons (D:2)
  A bat (D:2)
  4 frilled lizards (D:1)
  2 kobolds (D:1)
  5 rats
38 creatures vanquished.

Vanquished Creatures (others)
  2 plants (D:1)
2 creatures vanquished.

Grand Total: 40 creatures vanquished

Notes
Turn   | Place    | Note
-------+----------+-------------------------------------------
     0 | D:1      | sircluck the Gnoll Wanderer began the quest for the Orb.
     0 | D:1      | sircluck set off with the following items: a +2 short
                  | sword, a +0 quarterstaff, a wand of flame (4), a potion of
                  | might, a +0 leather armour.
     0 | D:1      | Reached XP level 1. HP: 13/13 MP: 1/1
   230 | D:1      | Reached XP level 2. HP: 19/19 MP: 2/2
  1207 | D:2      | Reached XP level 3. HP: 20/25 MP: 3/3
  1340 | D:2      | Reached skill level 1 in Invocations
  1509 | D:2      | Reached skill level 1 in Fighting
  1509 | D:2      | Reached skill level 1 in Long Blades
  1509 | D:2      | Reached skill level 1 in Axes
  1509 | D:2      | Reached skill level 1 in Maces & Flails
  1509 | D:2      | Reached skill level 1 in Polearms
  1509 | D:2      | Reached skill level 1 in Ranged Weapons
  1509 | D:2      | Reached skill level 1 in Throwing
  1509 | D:2      | Reached skill level 1 in Dodging
  1509 | D:2      | Reached skill level 1 in Shields
  1509 | D:2      | Reached skill level 1 in Unarmed Combat
  1509 | D:2      | Reached skill level 1 in Spellcasting
  1937 | D:3      | Reached XP level 4. HP: 30/32 MP: 5/5
  1972 | D:3      | You fall into a shaft and drop 1 floor!
  2013 | D:4      | Slain by a white imp

Illustrated notes

Levels and vault maps discovered:
D:1:      psy_arrival_fountain, layout_basic
D:2:      layout_basic, palyth_stone_intersect
D:3:      layout_loops_ring, beargit_hepliaklqana_dungeon_heroes
D:4:      dreamdust_elfheim, layout_loops_ring, nicolae_overflow_hidden_temple,
          minmay_temple_entry_proselytizer, serial_demonic, serial_demonic_g,
          serial_demonic_a, serial_demonic_g, serial_demonic_b,
          kennysheep_decorative_pillar, dreamdust_gnoll_farm

Skill      XL: |  1  2  3 |
---------------+----------+-----
Invocations    | 1 |  1.2
Fighting       | 1 |  1.1
Long Blades    | 1 |  1.1
Axes           | 1 |  1.1
Maces & Flails | 1 |  1.1
Polearms       | 1 |  1.1
Ranged Weapons | 1 |  1.1
Throwing       | 1 |  1.1
Dodging        | 1 |  1.1
Shields        | 1 |  1.1
Unarmed Combat | 1 |  1.1
Spellcasting   | 1 |  1.1
Short Blades   | |  8.5
Staves         | |  4.6
Armour         | |  2.7
Stealth        | |  2.5
Conjurations   | |  0.9
Hexes          | |  0.9
Summonings     | |  0.9
Necromancy     | |  0.9
Translocations | |  0.9
Transmutations | |  0.9
Fire Magic     | |  0.9
Ice Magic      | |  0.9
Air Magic      | |  0.9
Earth Magic    | |  0.9
Poison Magic   | |  0.9
Evocations     | |  4.6

Action                     |  1- 3 |  4- 6 || total
---------------------------+-------+-------++-------
  Melee: Short sword       |   119 |    16 ||   135
         Bite              |     7 |     3 ||    10
  Evoke: Wand              |     4 |       ||     4
    Use: Potion            |     1 |       ||     1
 Armour: Leather armour    |    16 |     2 ||    18
  Dodge: Dodged            |    38 |    12 ||    50

Table legend: (Time is in decaauts)
 A = Elapsed time spent in this place.
 B = Non-inter-level travel time spent in this place.
 C = Inter-level travel time spent in this place.
 D = Time resting spent in this place.
 E = Time spent auto-exploring this place.
 F = Levels seen in this place.
 G = Mean time per level.
                   A        B        C        D        E       F      G
               +--------+--------+--------+--------+--------+-----+--------+
         Total |   1956 |   1899 |     57 |      0 |   1289 |   4 |  489.0 |
       Dungeon |   1956 |   1899 |     57 |      0 |   1289 |   4 |  489.0 |
               +--------+--------+--------+--------+--------+-----+--------+

Top non-repeatable levels by time:
     D:2: 946 daAuts
     D:1: 929 daAuts
     D:3: 45 daAuts
     D:4: 35 daAuts
